 Dungeon Crawl Stone Soup version 0.23-a0-344-ge122d05 (webtiles) character file.

297 rabbit the Shield-Bearer (level 6, -1/39 HPs)
             Began as a Gargoyle Fighter on Oct 19, 2018.
             Was an Initiate of Okawaru.
             Slain by an orc warrior
             ... wielding a +1 halberd of venom
              (10 damage)
             ... on level 3 of the Dungeon.
             The game lasted 00:06:12 (2403 turns).

rabbit the Shield-Bearer (Gargoyle Fighter)         Turns: 2403, Time: 00:06:14

Health: -1/39      AC: 12    Str: 22    XL:     6   Next: 35%
Magic:  6/6        EV:  7    Int:  8    God:    Okawaru [......]
Gold:   156        SH:  0    Dex:  9    Spells: 5/5 levels left

rFire    . . .     SeeInvis .   a - +0 flail
rCold    . . .     Gourm    .   c - +0 shield
rNeg     + . .     Faith    .   l - +0 scale mail
rPois    ∞         Spirit   .   (no helmet)
rElec    +         Reflect  .   m - +0 cloak
rCorr    .         Harm     .   (no gloves)
MR       .....                  (no boots)
Stlth    ..........             (no amulet)
HPRegen  0.13/turn              (no ring)
MPRegen  0.10/turn              (no ring)

@: confused
A: negative energy resistance 1, electricity resistance, unbreathing,
petrification resistance, rot immunity, AC +4
a: Renounce Religion


You were on level 3 of the Dungeon.
You worshipped Okawaru.
Okawaru was noncommittal.
You were not hungry.

You visited 1 branch of the dungeon, and saw 3 of its levels.

You collected 156 gold pieces.

Inventory:

Hand Weapons
 a - a +0 flail (weapon)
 b - a +0 hunting sling
Missiles
 i - 31 stones (quivered)
 n - 46 bolts
Armour
 c - a +0 shield (worn)
 e - a +0 scale mail
 l - a +0 scale mail (worn)
 m - a +0 cloak (worn)
Scrolls
 g - 4 scrolls of teleportation {unknown}
 h - 3 scrolls of identify {unknown}
 j - 4 scrolls of remove curse {unknown}
 k - 2 scrolls of random uselessness {unknown}
 o - a scroll of fog {unknown}
 q - a scroll of enchant armour {unknown}
Potions
 d - a potion of might
 p - 2 potions of degeneration {unknown}
 r - a potion of heal wounds {unknown}
Comestibles
 f - 3 rations
 s - 9 chunks of flesh


   Skills:
 + Level 4.4 Fighting
 * Level 4.3 Maces & Flails
 + Level 4.4 Armour
 + Level 4.4 Shields


You had 5 spell levels left.
You didn't know any spells.
Your spell library was empty.

Dungeon Overview and Level Annotations

Branches:
Dungeon (3/15)

Altars:
Fedhas
Makhleb
Nemelex Xobeh
Okawaru
Vehumet

Annotations:
D:3 3 runed doors, Garbasso's ghost, amateur DsFi; Gildeon's ghost, amateur DECj; Loudmushroom's ghost, amateur GrFi; MisterFreud's ghost, amateur FeAr


Innate Abilities, Weirdness & Mutations

You are resistant to torment.
Your stone body is resilient. (AC +4)
You are immune to poison.
You resist negative energy. (rN+)
You are resistant to electric shocks. (rElec)
You can survive without breathing.
You are immune to petrification.
You are immune to rotting.


Message History

You closely miss the orc warrior.
The orc wizard hits you but does no damage.
The orc warrior hits you but does no damage.
You are too injured to fight recklessly!
You are too injured to fight recklessly!
You are too injured to fight recklessly!
You are too injured to fight recklessly!
You are too injured to fight recklessly!
You hit the orc wizard but do no damage.
The orc wizard gestures at you while chanting.
You are confused.
The orc warrior hits you with a +1 halberd of venom.
You bump into the rock wall.
The orc wizard hits you but does no damage.
The orc warrior hits you with a +1 halberd of venom!
* * * LOW HITPOINT WARNING * * *
The orc wizard points at you and mumbles some strange words.
The magic dart hits you!
The orc warrior hits you from afar with a +1 halberd of venom!
You die...

..#####...# #. ##..#
#. #######..# #.
#........# #.
#.####...# #. #.#
#...# #. #.# #...#
#. ####.# #.....
#o.@.# ##..###
#o#### ##..# #.#
#...# #.#####.###
#.. #### ..........#
#.#.....
#.##..###.#####.#..#
#.. #.o.......# #.
#.#####o#.# #.
...#.......#


You could see an orc warrior and an orc wizard.

Vanquished Creatures
  An ogre (D:2)
  A centaur (D:3)
  A gnoll (D:1)
  4 adders
  2 worms (D:2)
  3 dart slugs
  A leopard gecko (D:1)
  6 orcs (D:3)
  6 bats
  3 giant cockroaches
  7 goblins
  5 hobgoblins
  7 jackals
  10 kobolds
  6 frilled lizards
  10 rats
73 creatures vanquished.

Notes
Turn   | Place    | Note
-------+----------+-------------------------------------------
     0 | D:1      | rabbit the Gargoyle Fighter began the quest for the Orb.
     0 | D:1      | Reached XP level 1. HP: 14/14 MP: 1/1
   258 | D:1      | Reached XP level 2. HP: 18/19 MP: 2/2
   686 | D:1      | Reached XP level 3. HP: 23/23 MP: 3/3
   802 | D:1      | Found a sparkling altar of Nemelex Xobeh.
  1114 | D:2      | Noticed an ogre
  1126 | D:2      | Killed an ogre
  1126 | D:2      | Reached XP level 4. HP: 20/29 MP: 4/4
  1126 | D:2      | Reached XP level 5. HP: 23/33 MP: 5/5
  1598 | D:2      | Found a radiant altar of Vehumet.
  1748 | D:2      | Found a burning altar of Makhleb.
  1890 | D:3      | Found an iron altar of Okawaru.
  1901 | D:3      | Became a worshipper of Warmaster Okawaru
  1911 | D:3      | Noticed a centaur
  1924 | D:3      | Killed a centaur
  1924 | D:3      | Reached XP level 6. HP: 22/39 MP: 6/6
  2062 | D:3      | Found a blossoming altar of Fedhas.
  2115 | D:3      | Found a runed gate.
  2115 | D:3      | Found a runed gate.
  2116 | D:3      | Found a runed gate.
  2117 | D:3      | Noticed Loudmushroom's ghost (amateur GrFi)
  2118 | D:3      | Noticed Garbasso's ghost (amateur DsFi)
  2118 | D:3      | Noticed MisterFreud's ghost (amateur FeAr)
  2118 | D:3      | Noticed Gildeon's ghost (amateur DECj)
  2378 | D:3      | Noticed an orc warrior
  2403 | D:3      | Slain by an orc warrior

Vault maps used:
D:1:      ncdulo_watergridlock, nemelex_xobeh_ov_fountains_minmay
D:2:      grunt_temple_overflow_open
D:3:      okawaru_metal_pillars_1_2, tgw_sif, nicolae_tso_carved_into_rock,
          fedhas_altar_2, gammafunk_ghost_cemetery

Skill      XL: |  1  2  3  4  5 |
---------------+----------------+-----
Maces & Flails | 3 4 |  4.3
Fighting       | 4 |  4.4
Armour         | 4 |  4.4
Shields        | 4 |  4.4

Action                   |  1- 3 |  4- 6 || total
-------------------------+-------+-------++-------
Melee: Flail             |    93 |   163 ||   256
 Fire: Hunting sling     |    32 |    36 ||    68
  Eat: Chunk             |       |     5 ||     5
Armor: Scale mail        |    43 |    96 ||   139
Dodge: Dodged            |    38 |    52 ||    90
Block: Shield            |    73 |    98 ||   171

Table legend:
 A = Non-vault XP
 B = Vault XP
 C = Vault XP percentage of total XP
 D = Non-vault monster count
 E = Vault monster count
 F = Vault count percentage of total count
                 A         B        C        D         E       F
            +---------+---------+-------+---------+---------+-------
      Total |     425 |       0 |   0.0 |      73 |       0 |   0.0
            +---------+---------+-------+---------+---------+-------
        D:1 |      60 |       0 |   0.0 |      27 |       0 |   0.0
        D:2 |     201 |       0 |   0.0 |      28 |       0 |   0.0
        D:3 |     164 |       0 |   0.0 |      18 |       0 |   0.0
            +---------+---------+-------+---------+---------+-------
